APL (24 & UNDER)
BEAVERTON BRONZE SOULS @ EL PASO TEXANS
06/11/2030
 
TOP OF THE 1ST
Beaverton Bronze Souls batting - Pitching for El Paso Texans : RHP Oscar Martin
Pitching: RHP Oscar Martin
Batting: LHB José Guillén 0-0: Ball
1-0: Ball
2-0: Called Strike
2-1: Ground out 6-3 (Groundball, 6D)
Batting: LHB Chris White 0-0: Called Strike
0-1: Ball
1-1: Ball
2-1: Ball
3-1: Foul Ball, location: 2F
3-2: Fly out, F8 (Flyball, 8LD)
Batting: LHB Balduíno Bruschy 0-0: Called Strike
0-1: Ball
1-1: Ball
2-1: Ball
3-1: Foul Ball, location: 2F
3-2: Ground out 3-1 (Groundball, 34S)
Top of the 1st over - 0 runs, 0 hits, 0 errors, 0 left on base; Beaverton 0 - El Paso 0
BOTTOM OF THE 1ST
El Paso Texans batting - Pitching for Beaverton Bronze Souls : LHP David Jennings
Pitching: LHP David Jennings
Batting: LHB Mark Spencer 0-0: Foul Ball, location: 2F
0-1: Called Strike
0-2: Strikes out swinging
Batting: RHB Cole Boehmer 0-0: Ball
1-0: Ball
2-0: Ball
3-0: Base on Balls
Batting: SHB Richie Gallegos 0-0: Foul Ball, location: 2F
0-1: Ball
1-1: Ball
2-1: Ball
3-1: Base on Balls
Cole Boehmer to second
Batting: RHB Domingo Morales 0-0: Ball
1-0: Ball
2-0: 3-RUN HOME RUN (Flyball, 7LD), Distance : 399 ft
Batting: SHB António Cervantes 0-0: Called Strike
0-1: Foul Ball, location: 2F
0-2: Ball
1-2: Ball
2-2: Foul Ball, location: 2F
2-2: Ball
3-2: Foul Ball, location: 2F
3-2: Fly out, F9 (Flyball, 9D)
Batting: SHB Oliver Riley 0-0: Foul Ball, location: 2F
0-1: Swinging Strike
0-2: Ground out 6-3 (Groundball, 6)
Bottom of the 1st over - 3 runs, 1 hit, 0 errors, 0 left on base; Beaverton 0 - El Paso 3
TOP OF THE 2ND
Beaverton Bronze Souls batting - Pitching for El Paso Texans : RHP Oscar Martin
Batting: RHB Luis Carranza 0-0: Ground out 6-3 (Groundball, 6)
Batting: SHB León Galló 0-0: Called Strike
0-1: Swinging Strike
0-2: Ball
1-2: Foul Ball, location: 2F
1-2: Strikes out swinging
Batting: RHB Bert Larson 0-0: Called Strike
0-1: Called Strike
0-2: Ball
1-2: Foul Ball, location: 2F
1-2: Strikes out swinging
Top of the 2nd over - 0 runs, 0 hits, 0 errors, 0 left on base; Beaverton 0 - El Paso 3
BOTTOM OF THE 2ND
El Paso Texans batting - Pitching for Beaverton Bronze Souls : LHP David Jennings
Batting: LHB John Fitzgerald 0-0: Fly out, F7 (Flyball, 7D)
Batting: LHB Dave Tucker 0-0: Ball
1-0: Foul Ball, location: 2F
1-1: SINGLE (Line Drive, 4D)
Batting: SHB Miguel Hurtado 0-0: Called Strike
Dave Tucker is caught stealing 2nd base
0-1: Ball
1-1: Ball
2-1: Ground out 4-3 (Groundball, 4)
Bottom of the 2nd over - 0 runs, 1 hit, 0 errors, 0 left on base; Beaverton 0 - El Paso 3
TOP OF THE 3RD
Beaverton Bronze Souls batting - Pitching for El Paso Texans : RHP Oscar Martin
Batting: LHB Jonathan Belisle 0-0: Swinging Strike
0-1: Ground out 6-3 (Groundball, 6M)
Batting: RHB Ricardo López 0-0: Called Strike
0-1: Ball
1-1: Fly out, F9 (Flyball, 9S)
Batting: SHB Teko de Bruin 0-0: Called Strike
0-1: Foul Ball, location: 2F
0-2: Ball
1-2: Ball
2-2: TRIPLE (Flyball, 7LD)
Batting: LHB José Guillén 0-0: Ball
1-0: Ball
2-0: Called Strike
2-1: Ball
3-1: Foul Ball, location: 2F
3-2: Base on Balls
Batting: LHB Chris White 0-0: Swinging Strike
0-1: Ball
1-1: Ball
2-1: Foul Ball, location: 2F
2-2: SINGLE (Groundball, 15S) (infield hit)
Teko de Bruin scores
José Guillén to second
Batting: LHB Balduíno Bruschy 0-0: Ball
1-0: Foul Ball, location: 2F
1-1: Foul Ball, location: 2F
1-2: Ball
2-2: Foul Ball, location: 2F
2-2: Ball
3-2: Ground out 6-3 (Groundball, 6)
Top of the 3rd over - 1 run, 2 hits, 0 errors, 2 left on base; Beaverton 1 - El Paso 3
BOTTOM OF THE 3RD
El Paso Texans batting - Pitching for Beaverton Bronze Souls : LHP David Jennings
Batting: LHB Mark Spencer 0-0: Ball
1-0: Ball
2-0: Swinging Strike
2-1: Called Strike
2-2: Foul Ball, location: 2F
2-2: Ball
3-2: Base on Balls
Batting: RHB Cole Boehmer 0-0: Ball
1-0: Swinging Strike
1-1: Foul Ball, location: 2F
1-2: Ball
2-2: Foul Ball, location: 2F
2-2: Strikes out swinging
Batting: SHB Richie Gallegos 0-0: Ball
1-0: Ball
2-0: Called Strike
2-1: Ball
3-1: Base on Balls
Mark Spencer to second
Batting: RHB Domingo Morales 0-0: Ball
1-0: Ball
Mark Spencer steals 3rd base
2-0: Ball
3-0: Called Strike
3-1: Fly out, F9 (Flyball, 9S)
Batting: SHB António Cervantes 0-0: Ball
1-0: Foul Ball, location: 2F
1-1: Reached on error, E8 (Flyball, 8RM)
Mark Spencer scores
Richie Gallegos to third
Batting: SHB Oliver Riley 0-0: Foul Ball, location: 2F
0-1: Swinging Strike
0-2: Foul Ball, location: 2F
0-2: Ball
1-2: Ball
2-2: Ball
3-2: Base on Balls
Batting: LHB John Fitzgerald 0-0: Ball
1-0: Foul Ball, location: 2F
1-1: Ball
2-1: SINGLE (Line Drive, 9LM)
Richie Gallegos scores
António Cervantes to third
Oliver Riley to second
Runner from 3rd tries for Home, SAFE, throw made home
Pitching: RHP Vicente Guillén
Batting: LHB Dave Tucker 0-0: Foul Ball, location: 2F
0-1: Ball
1-1: Foul Ball, location: 2F
1-2: Ball
2-2: Ball
3-2: Ground out 4-3 (Groundball, 4)
Bottom of the 3rd over - 3 runs, 1 hit, 1 error, 2 left on base; Beaverton 1 - El Paso 6
TOP OF THE 4TH
Beaverton Bronze Souls batting - Pitching for El Paso Texans : RHP Oscar Martin
Batting: RHB Luis Carranza 0-0: Called Strike
0-1: Fly out, F9 (Flyball, 9)
Batting: SHB León Galló 0-0: Ball
1-0: Fly out, F7 (Flyball, 7LM)
Batting: RHB Bert Larson 0-0: Ball
1-0: Fly out, F9 (Flyball, 9S)
Top of the 4th over - 0 runs, 0 hits, 0 errors, 0 left on base; Beaverton 1 - El Paso 6
BOTTOM OF THE 4TH
El Paso Texans batting - Pitching for Beaverton Bronze Souls : RHP Vicente Guillén
Batting: SHB Miguel Hurtado 0-0: Ball
1-0: Ball
2-0: Foul Ball, location: 2F
2-1: Foul Ball, location: 2F
2-2: Foul Ball, location: 2F
2-2: Ball
3-2: Foul Ball, location: 2F
3-2: SINGLE (Groundball, 5L) (infield hit)
Batting: LHB Mark Spencer 0-0: Swinging Strike
0-1: Ball
1-1: Foul Ball, location: 2F
1-2: Ball
2-2: Strikes out swinging
Batting: RHB Cole Boehmer 0-0: Called Strike
0-1: Ball
1-1: SINGLE (Flyball, 78S)
Miguel Hurtado to second
Batting: SHB Richie Gallegos 0-0: Swinging Strike
0-1: Ball
1-1: Foul Ball, location: 2F
1-2: Fly out, F7 (Flyball, 7S)
Batting: RHB Domingo Morales 0-0: Ball
1-0: Called Strike
1-1: Swinging Strike
1-2: Foul Ball, location: 2F
1-2: Ball
2-2: Ball
3-2: Foul Ball, location: 2F
3-2: Foul Ball, location: 2F
3-2: Base on Balls
Miguel Hurtado to third
Cole Boehmer to second
Batting: SHB António Cervantes 0-0: Called Strike
0-1: Foul Ball, location: 2F
0-2: Ball
1-2: Ground out 4-3 (Groundball, 34)
Bottom of the 4th over - 0 runs, 2 hits, 0 errors, 3 left on base; Beaverton 1 - El Paso 6
TOP OF THE 5TH
Beaverton Bronze Souls batting - Pitching for El Paso Texans : RHP Oscar Martin
Batting: LHB Jonathan Belisle 0-0: Called Strike
0-1: Foul Ball, location: 2F
0-2: Foul Ball, location: 2F
0-2: Foul Ball, location: 2F
0-2: Ball
1-2: Foul Ball, location: 2F
1-2: SINGLE (Line Drive, 4M)
Batting: RHB Ricardo López 0-0: Ball
Jonathan Belisle steals 2nd base
1-0: Called Strike
1-1: Ball
2-1: SINGLE (Line Drive, 8LS)
Jonathan Belisle to third
Runner from 3rd tries for Home, SAFE, throw made home
Ricardo López to second
Batting: SHB Teko de Bruin 0-0: Ball
1-0: Called Strike
1-1: Foul Ball, location: 2F
1-2: Ball
2-2: Foul Ball, location: 2F
2-2: Strikes out swinging
Batting: LHB José Guillén 0-0: Ball
1-0: Foul Ball, location: 2F
Balk!
Ricardo López to third
1-1: SINGLE (Line Drive, 7S)
Ricardo López scores
Batting: LHB Chris White 0-0: Ball
1-0: Ball
2-0: Ball
3-0: Called Strike
3-1: Base on Balls
José Guillén to second
Batting: LHB Balduíno Bruschy 0-0: Ball
1-0: Called Strike
1-1: Foul Ball, location: 2F
1-2: Ball
2-2: Ball
3-2: Base on Balls
José Guillén to third
Chris White to second
Batting: RHB Luis Carranza 0-0: Ball
1-0: Ball
2-0: Fly out, F8 (Flyball, 8LD)
Runner from 3rd tags up, SCORES, no throw
Batting: SHB León Galló 0-0: Called Strike
0-1: Ball
1-1: Ball
2-1: Fly out, F4 (Line Drive, 4)
Top of the 5th over - 3 runs, 3 hits, 0 errors, 2 left on base; Beaverton 4 - El Paso 6
BOTTOM OF THE 5TH
El Paso Texans batting - Pitching for Beaverton Bronze Souls : RHP Vicente Guillén
Batting: SHB Oliver Riley 0-0: Ball
1-0: Swinging Strike
1-1: Foul Ball, location: 2F
1-2: Fly out, F8 (Flyball, 8RS)
Batting: LHB John Fitzgerald 0-0: Ball
1-0: Called Strike
1-1: Ball
2-1: Called Strike
2-2: Ball
3-2: Ground out 3-1 (Groundball, 34S)
Batting: LHB Dave Tucker 0-0: Foul Ball, location: 2F
0-1: Ball
1-1: Foul Ball, location: 2F
1-2: Ground out 6-3 (Groundball, 6)
Bottom of the 5th over - 0 runs, 0 hits, 0 errors, 0 left on base; Beaverton 4 - El Paso 6
TOP OF THE 6TH
Beaverton Bronze Souls batting - Pitching for El Paso Texans : RHP Oscar Martin
Pitching: RHP Stan Roberts
Batting: RHB Bert Larson 0-0: Called Strike
0-1: Reached on error, E3 (Groundball, 34)
Batting: LHB Jonathan Belisle 0-0: Ball
1-0: SINGLE (Line Drive, 3L)
Bert Larson to second
Batting: RHB Ricardo López 0-0: Called Strike
0-1: Ball
1-1: Foul Ball, location: 2F
1-2: Ball
2-2: Foul Ball, location: 2F
2-2: Foul Ball, location: 2F
2-2: Strikes out swinging
Batting: SHB Teko de Bruin 0-0: Ball
1-0: Swinging Strike
1-1: Ball
2-1: Fly out, F8 (Flyball, 8LM)
Batting: LHB José Guillén 0-0: SINGLE (Line Drive, 8LS)
Bert Larson to third
Jonathan Belisle to second
Batting: LHB Chris White 0-0: DOUBLE (Line Drive, 8LXD)
Bert Larson scores
Jonathan Belisle scores
José Guillén to third
Batting: LHB Balduíno Bruschy 0-0: Ball
1-0: Foul Ball, location: 2F
1-1: Called Strike
1-2: Ball
2-2: Ball
3-2: Foul Ball, location: 2F
3-2: Foul Ball, location: 2F
3-2: Base on Balls
Batting: RHB Luis Carranza 0-0: Ball
1-0: Ball
2-0: Ground out 4-3 (Groundball, 4)
Top of the 6th over - 2 runs, 3 hits, 1 error, 3 left on base; Beaverton 6 - El Paso 6
BOTTOM OF THE 6TH
El Paso Texans batting - Pitching for Beaverton Bronze Souls : RHP Vicente Guillén
Batting: SHB Miguel Hurtado 0-0: Ball
1-0: Foul Ball, location: 2F
1-1: Swinging Strike
1-2: Ball
2-2: SINGLE (Groundball, 56D)
Batting: LHB Mark Spencer 0-0: Called Strike
0-1: Ball
1-1: Called Strike
1-2: Ball
2-2: SINGLE (Groundball, 34D)
Miguel Hurtado to second
Runner from 2nd tries for 3rd, OUT!
Batting: RHB Cole Boehmer 0-0: Foul Ball, location: 2F
0-1: Foul Ball, location: 2F
0-2: Ball
1-2: Strikes out swinging
Batting: SHB Richie Gallegos 0-0: Swinging Strike
0-1: Swinging Strike
0-2: Fly out, F8 (Flyball, 8LS)
Bottom of the 6th over - 0 runs, 2 hits, 0 errors, 1 left on base; Beaverton 6 - El Paso 6
TOP OF THE 7TH
Beaverton Bronze Souls batting - Pitching for El Paso Texans : RHP Stan Roberts
Pitching: LHP Al Atkins
Pinch Hitting: RHB Vernon Harris 0-0: Called Strike
0-1: Ball
1-1: Called Strike
1-2: Strikes out swinging
Batting: RHB Bert Larson 0-0: Ball
1-0: SINGLE (Line Drive, 9S)
Pinch Hitting: RHB Ed Fuhrman 0-0: Called Strike
0-1: Fly out, F7 (Line Drive, 7LD)
Batting: RHB Ricardo López 0-0: Ball
1-0: Called Strike
1-1: Called Strike
1-2: Ball
2-2: Foul Ball, location: 2F
2-2: Strikes out swinging
Top of the 7th over - 0 runs, 1 hit, 0 errors, 1 left on base; Beaverton 6 - El Paso 6
BOTTOM OF THE 7TH
El Paso Texans batting - Pitching for Beaverton Bronze Souls : RHP Vicente Guillén
Pitching: RHP Octávio García
Now in CF: Rodrigo Pérez
Now in RF: Vernon Harris
Pinch Hitting: LHB Ramón Chávez 0-0: Ball
1-0: Ball
2-0: Ball
3-0: Swinging Strike
3-1: Ground out 3-1 (Groundball, 34)
Batting: SHB António Cervantes 0-0: Ball
1-0: Ball
2-0: Called Strike
2-1: Ball
3-1: Ground out U3 (Groundball, 3L)
Batting: SHB Oliver Riley 0-0: Ball
1-0: Ball
2-0: Foul Ball, location: 2F
2-1: Ball
3-1: Base on Balls
Batting: LHB John Fitzgerald 0-0: Called Strike
0-1: Ball
1-1: Foul Ball, location: 2F
1-2: SINGLE (Groundball, 3D)
Oliver Riley to second
Oliver Riley to third
Batting: LHB Dave Tucker 0-0: Ball
1-0: Foul Ball, location: 2F
1-1: Swinging Strike
1-2: Foul Ball, location: 2F
1-2: Ball
2-2: Ball
3-2: SINGLE (Line Drive, 4MD)
Oliver Riley scores
John Fitzgerald to second
John Fitzgerald to third
Pinch Hitting: LHB Cipriano Rangel 0-0: Called Strike
0-1: Fielders Choice at 2nd, 6-4 (Groundball, 6)
Bottom of the 7th over - 1 run, 2 hits, 0 errors, 2 left on base; Beaverton 6 - El Paso 7
TOP OF THE 8TH
Beaverton Bronze Souls batting - Pitching for El Paso Texans : LHP Al Atkins
Now at 2B: Cipriano Rangel
Now at SS: Jim Flynn
Batting: SHB Teko de Bruin 0-0: Ball
1-0: Ball
2-0: Called Strike
2-1: Ball
3-1: Foul Ball, location: 2F
3-2: SINGLE (Groundball, 6D)
Batting: LHB José Guillén 0-0: Fly out, F9 (Line Drive, 9)
Pinch Hitting: RHB José López 0-0: Ball
1-0: Swinging Strike
1-1: Reached on error, E1 (Groundball, P)
Teko de Bruin to second
Batting: LHB Balduíno Bruschy 0-0: Ball
1-0: Ball
2-0: Ball
3-0: Called Strike
3-1: Foul Ball, location: 2F
3-2: Foul Ball, location: 2F
3-2: Strikes out swinging
Pitching: RHP Manny Alaniz
Batting: RHB Luis Carranza 0-0: Swinging Strike
0-1: Called Strike
0-2: Ball
1-2: Strikes out swinging
Top of the 8th over - 0 runs, 1 hit, 1 error, 2 left on base; Beaverton 6 - El Paso 7
BOTTOM OF THE 8TH
El Paso Texans batting - Pitching for Beaverton Bronze Souls : RHP Octávio García
Now in LF: Owen Parra
Batting: LHB Mark Spencer 0-0: Ball
1-0: Ball
2-0: Foul Ball, location: 2F
2-1: Called Strike
2-2: Ball
3-2: Base on Balls
Batting: RHB Cole Boehmer 0-0: Called Strike
0-1: Ball
1-1: Foul Ball, location: 2F
1-2: Ground out 5-3 (Groundball, 56S)
Mark Spencer to second
Batting: SHB Richie Gallegos 0-0: Intentional Walk
Batting: SHB Jim Flynn 0-0: Ball
1-0: Fielders Choice at 2nd, 3-6 (Groundball, 3)
Mark Spencer to third
Batting: SHB António Cervantes 0-0: Foul Ball, location: 2F
0-1: Ball
1-1: Swinging Strike
1-2: Ball
2-2: DOUBLE (Groundball, 3L)
Mark Spencer scores
Jim Flynn to third
Runner from 3rd tries for Home, SAFE, no throw
Pitching: LHP Javier Barrera
Batting: SHB Oliver Riley 0-0: Ball
1-0: Ball
2-0: 2-RUN HOME RUN (Flyball, 7LD), Distance : 398 ft
Batting: LHB John Fitzgerald 0-0: Called Strike
0-1: DOUBLE (Flyball, 78D)
Batting: LHB Dave Tucker 0-0: Ball
1-0: Foul Ball, location: 2F
1-1: Ground out 1-3 (Groundball, 13S)
Bottom of the 8th over - 4 runs, 3 hits, 0 errors, 1 left on base; Beaverton 6 - El Paso 11
TOP OF THE 9TH
Beaverton Bronze Souls batting - Pitching for El Paso Texans : RHP Manny Alaniz
Batting: RHB Vernon Harris 0-0: Foul Ball, location: 2F
0-1: Ball
1-1: Ball
2-1: Foul Ball, location: 2F
2-2: Ball
3-2: Ground out 4-3 (Groundball, 4)
Batting: RHB Bert Larson 0-0: Ball
1-0: Ball
2-0: Called Strike
2-1: Called Strike
2-2: Ball
3-2: Foul Ball, location: 2F
3-2: Strikes out swinging
Batting: LHB Rodrigo Pérez 0-0: TRIPLE (Line Drive, 8RXD)
Batting: RHB Ricardo López 0-0: Ball
1-0: Foul Ball, location: 2F
1-1: Foul Ball, location: 2F
1-2: Foul Ball, location: 2F
1-2: Ball
Wild Pitch!
Rodrigo Pérez scores
2-2: Strikes out swinging
Top of the 9th over - 1 run, 1 hit, 0 errors, 0 left on base; Beaverton 7 - El Paso 11
Saturday, April 7th, 2018 - OOTP Baseball 18.8 Build 76